 Dungeon Crawl Stone Soup version 0.30-b1-2-g02819fbbbe (webtiles) character file.

Game seed: 5438880869517216585

144 Kold the Shield-Bearer (level 5, -2/37 (42) HPs)
             Began as a Formicid Fighter on Dec 21, 2023.
             Killed from afar by Sigmund (5 damage)
             ... with a bolt of light
             ... on level 3 of the Dungeon.
             The game lasted 00:05:25 (2256 turns).

Kold the Shield-Bearer (Formicid Fighter)           Turns: 2256, Time: 00:05:27

HP:   -2/37 (42)    AC:  8    Str: 22    XL:     5   Next: 52%
MP:   1/1           EV:  9    Int:  8    God:
Gold: 197           SH:  5    Dex: 13    Spells: 4/4 levels left

rFire   + . .        o - +2 mace (antimagic)
rCold   . . .        c - +0 buckler
rNeg    . . .        b - +0 scale mail
rPois   .            (helmet unavailable)
rElec   .            (no cloak)
rCorr   .            (no gloves)
SInv    +            j - +0 pair of boots
Will    .....        (no amulet) Stlth
                     y - ring of protection from fire
HPRegen 0.26/turn    (no ring)
MPRegen 0.07/turn

%: no passive effects
@: lethally poisoned (-2 -> -7), heavily drained
A: permanent stasis, dig shafts and tunnels, antennae 3, four strong arms
a: Dig, Shaft Self


You were on level 3 of the Dungeon.
You visited 1 branch of the dungeon, and saw 3 of its levels.

You collected 197 gold pieces.

Inventory:

Hand Weapons
 a - a +0 war axe
 o - a +2 antimagic mace (weapon)
Armour
 b - a +0 scale mail (worn)
 c - a +0 buckler (worn)
 j - a +0 pair of boots (worn)
Jewellery
 y - a ring of protection from fire (left hand)
Wands
 w - a wand of flame (17)
Scrolls
 e - a scroll of brand weapon {unknown}
 f - a scroll of amnesia {unknown}
 h - a scroll of noise {unknown}
 l - a scroll of magic mapping {unknown}
 m - a scroll of silence {unknown}
 n - 2 scrolls of fog {unknown}
 t - a scroll of teleportation {unknown}
 u - a scroll of blinking {unknown}
 v - a scroll of vulnerability {unknown}
 x - a scroll of fear {unknown}
 z - a scroll of identify
Potions
 d - a potion of might
 g - a potion of attraction {unknown}
 i - 2 potions of curing
 k - a potion of flight
 q - 3 potions of invisibility
 s - a potion of magic {unknown}


   Skills:
 + Level 3.8 Fighting
 * Level 3.4(3.5) Axes
 - Level 1.0(2.3) Maces & Flails
 + Level 4.0 Armour
 - Level 0.3 Dodging
 + Level 5.1 Shields


You had 4 spell levels left.
You didn't know any spells.
Your spell library contained the following spells:

 Spells                   Type           Power      Damage    Failure   Level
 Ensorcelled Hibernation  Hex/Ice        0%         N/A       90%         2
 Lesser Beckoning         Tloc           0%         N/A       90%         2
 Momentum Strike          Conj/Tloc      0%         3d8       90%         2
 Spider Form              Tmut/Pois      0%         N/A       99%         3
 Anguish                  Hex/Necr       0%         N/A       100%        4
 Blink                    Tloc           Unusable   N/A       N/A         2

Dungeon Overview and Level Annotations

Branches:
Dungeon (3/15)

Altars:
Nemelex Xobeh

Annotations:
D:3 Sigmund


Innate Abilities, Weirdness & Mutations

You cannot be hasted, slowed, berserked, paralysed or teleported.
You can dig through walls and to a lower floor.
You have a pair of large antennae on your head. (SInv)
Your four strong arms can wield two-handed weapons with a shield.


Message History

Sigmund zaps a wand.
The bolt of light misses you.
You closely miss Sigmund.
Sigmund is lightly wounded.
You feel very sick.
Sigmund zaps a wand.
The bolt of light hits you!
You are confused.
* * * LOW HITPOINT WARNING * * *
Sigmund hits you with a +2 scythe of venom.
* * * LOW HITPOINT WARNING * * *
You feel much better.
You feel sick.
You bump into the rock wall.
You feel sick.
Sigmund zaps a wand.
The bolt of light hits you!
You are more confused.
You feel better.
Sigmund zaps a wand.
The bolt of light misses you.
Really read the scroll of torment?
As you read the scroll of torment, it crumbles to dust.
Your body is wracked with pain!
Sigmund convulses!
Sigmund gestures at you while chanting. The puff of flame hits you. You resist.
* * * LOW HITPOINT WARNING * * *
Okay, then.
You feel much better.
Sigmund zaps a wand.
The bolt of light hits you!
You are confused.
You feel better.
Sigmund hits you with a +2 scythe of venom.
You are poisoned.
You hit Sigmund.
Sigmund's magic leaks into the air.
Sigmund is severely wounded.
* * * LOW HITPOINT WARNING * * *
You feel very sick.
Sigmund points at you and mumbles some strange words.
The magic dart hits you.
* * * LOW HITPOINT WARNING * * *
You hit Sigmund.
Sigmund's magic leaks into the air.
Sigmund is almost dead.
* * * LOW HITPOINT WARNING * * *
You feel sick.
Sigmund screams, "Don't try to resist!"
Sigmund zaps a wand.
The bolt of light hits you.
You die...

#.###.........##.#
#@
#.........##.####
#.
###...#....#.(....
#.
#..........†......
#.
#.####............
#.##.#
#.>......#...
#!...##
#........####
#####@# #........#
##@## #.......##
#.## #.......# ###
#.......#
##'###### #.# #.#
#.# #.# #.# #


You could see Sigmund (invisible, magic disrupted).

Vanquished Creatures
  Ijyb (D:3)
  An orc wizard (D:3)
  Robin (D:3)
  5 worms
  A dart slug (D:1)
  3 orcs
  3 ball pythons (D:1)
  4 bats
  5 endoplasms
  6 giant cockroaches
  10 goblins
  9 hobgoblins
  2 quokkas
  2 frilled lizards (D:3)
  4 kobolds
  3 rats
60 creatures vanquished.

Notes
Turn   | Place    | Note
-------+----------+-------------------------------------------
     0 | D:1      | Kold the Formicid Fighter began the quest for the Orb.
     0 | D:1      | Reached XP level 1. HP: 18/18 MP: 1/1
   131 | D:1      | Reached XP level 2. HP: 24/24 MP: 2/2
   449 | D:1      | Reached XP level 3. HP: 29/29 MP: 3/3
  1518 | D:3      | Reached XP level 4. HP: 35/35 MP: 1/4
  1528 | D:3      | Noticed Robin
  1551 | D:3      | Reached skill level 1 in Maces & Flails
  1560 | D:3      | Killed Robin
  1561 | D:3      | Reached XP level 5. HP: 15/42 MP: 1/5
  1743 | D:3      | Found a sparkling altar of Nemelex Xobeh.
  1861 | D:3      | Noticed Ijyb
  1877 | D:3      | Killed Ijyb
  1878 | D:3      | Reached skill level 5 in Shields
  2057 | D:3      | Noticed Sigmund
  2256 | D:3      | Killed from afar by Sigmund

Illustrated notes

Levels and vault maps discovered:
D:1:      evilmike_arrival_rings, layout_rooms
D:2:      layout_loops_ring, chequers_avenue
D:3:      layout_basic, mainiacjoe_overflow_small_starburst, uniq_robin,
          uniq_sigmund, uniq_ijyb

Skill      XL: |  1  2  3  4  5 |
---------------+----------------+-----
Axes           | 3 |  3.4
Maces & Flails | 1 |  1.0
Armour         | 4 |  4.0
Shields        | 5 |  5.1
Fighting       | |  3.8
Dodging        | |  0.3

Action                     |  1- 3 |  4- 6 || total
---------------------------+-------+-------++-------
  Melee: War axe           |    43 |       ||    43
         Mace              |    28 |    99 ||   127
Ability: Dig               |       |     1 ||     1
    Use: Scroll            |       |     6 ||     6
         Potion            |       |     4 ||     4
 Armour: Scale mail        |    29 |    34 ||    63
  Dodge: Dodged            |    18 |    50 ||    68
  Block: Buckler           |    17 |    18 ||    35
